 Dungeon Crawl Stone Soup version 0.29.1-12-g30fa7ad0bf (webtiles) character file.

Game seed: 578869610492713904

1777 Radix the Geomancer (level 9, -3/45 HPs)
             Began as a Gargoyle Earth Elementalist on Jan 14, 2023.
             Was an Initiate of Vehumet.
             Slain by Maggie
             ... wielding a +2 war axe of draining
              (8 damage)
             ... on level 7 of the Dungeon.
             The game lasted 00:34:22 (7755 turns).

Radix the Geomancer (Gargoyle Earth Elementalist)   Turns: 7755, Time: 00:34:23

Health: -3/45      AC: 12    Str: 12    XL:     9   Next: 8%
Magic:  3/19       EV: 11    Int: 20    God:    Vehumet [......]
Gold:   407        SH:  5    Dex: 10    Spells: 12/21 levels left

rFire   . . .      SeeInvis .   y - staff of earth
rCold   + . .      Faith    .   (no shield)
rNeg    + . .      Spirit   .   n - +2 robe {rC+}
rPois   ∞          Reflect  +   t - +0 helmet
rElec   +          Harm     .   c - +0 cloak
rCorr   .          Rampage  .   (no gloves)
Will    .....                   (no boots)
Stlth   ++........              w - amulet of reflection
HPRegen 0.15/turn               (no ring)
MPRegen 0.16/turn               (no ring)

@: mesmerised, very slightly contaminated
A: sickness immunity, AC +6, negative energy resistance 1, electricity
resistance, torment resistance 1, petrification resistance
a: Renounce Religion


You were on level 7 of the Dungeon.
You worshipped Vehumet.
Vehumet was noncommittal.
You visited 2 branches of the dungeon, and saw 8 of its levels.

You collected 407 gold pieces.

Inventory:

Hand Weapons
 f - a +0 whip
 o - a +3 quarterstaff of freezing
 q - a +4 rapier of speed
Missiles
 A - a throwing net
Armour
 c - a +0 cloak (worn)
 n - a +2 robe of cold resistance (worn)
 t - a +0 helmet (worn)
Magical Staves
 y - a staff of earth (weapon)
Jewellery
 l - a ring of fire
 w - an amulet of reflection (around neck)
Wands
 h - a wand of charming (12)
 k - a wand of mindburst (15)
 r - a wand of iceblast (14)
Scrolls
 e - a scroll of brand weapon
 g - a scroll of enchant armour {unknown}
 u - a scroll of poison
Potions
 a - a potion of brilliance
 b - a potion of magic
 p - a potion of might {unknown}
 s - 2 potions of heal wounds {unknown}
 v - 2 potions of lignification {unknown}


   Skills:
 - Level 1.5 Dodging
 - Level 2.1 Stealth
 + Level 6.7 Spellcasting
 + Level 5.7 Conjurations
 - Level 0.7 Transmutations
 + Level 9.3 Earth Magic


You had 12 spell levels left.
You knew the following spells:

 Your Spells              Type           Power      Damage    Failure   Level
a - Sandblast             Erth           100%       2d20      1%          1
b - Stone Arrow           Conj/Erth      100%       3d13      1%          3
c - Lee's Rapid Deconstr  Erth           30%        3d17*     6%          5

Your spell library contained the following spells:

 Spells                   Type           Power      Damage    Failure   Level
 Passwall                 Tmut/Erth      33%        N/A       1%          2
 Petrify                  Tmut/Erth      40%        N/A       12%         4
 Mephitic Cloud           Conj/Pois/Air  14%        N/A       13%         3
 Ignite Poison            Fire/Tmut/Pois 7%         N/A       26%         3
 Fulminant Prism          Conj/Hex       9%         3d7       30%         4
 Iskenderun's Mystic Bla  Conj/Tloc      18%        2d6       30%         4
 Freezing Cloud           Conj/Ice/Air   7%         6-21      77%         5


Dungeon Overview and Level Annotations

Branches:
Dungeon (7/15)             Temple (1/1) D:6

Altars:
Dithmenos
Elyvilon
Kikubaaqudgha
Ru
Sif Muna
Vehumet
Yredelemnul
Zin

Annotations:
D:7 Maggie


Innate Abilities, Weirdness & Mutations

You are immune to sickness and miasma.
Your stone body is resilient. (AC +6)
You are immune to poison.
You resist negative energy. (rN+)
You are resistant to electric shocks. (rElec)
You are resistant to unholy torment.
You are immune to petrification.


Message History

Press: ? - help, Dir - move target, p - Maggie A rock wall.
You feel a surge of power!
You miscast Lee's Rapid Deconstruction.
You are very lightly contaminated with residual magic.
The floor shifts beneath you alarmingly.
An orc comes into view. It is wielding a +0 club.
Something hits you but does no damage.
Maggie hits you with a +2 war axe of draining.
Okay, then.
Casting: Lee's Rapid Deconstruction (quite dangerous; 6% risk of failure)
Confirm with . or Enter, or press ? or * to list all spells.
Aiming: Stone Arrow (safe; 1% risk of failure)
Press: ? - help, Shift-Dir - straight line, f - Maggie
Aim: Maggie, wielding a +2 war axe of draining and wearing +0 swamp dragon scales (moderately wounded, mesmerising, 81% to hit)
You feel a surge of power!
The stone arrow misses Maggie.
The orc shouts!
You hear a shout!
You block something's attack.
Maggie hits you with a +2 war axe of draining.
* * * LOW HITPOINT WARNING * * *
Aiming: Sandblast (safe; 1% risk of failure)
Press: ? - help, Q - select action, (/) - cycle Shift-Dir - straight line, f/p - Maggie
Aim: Maggie, wielding a +2 war axe of draining and wearing +0 swamp dragon scales (moderately wounded, mesmerising, 87% to hit)
You feel a surge of power!
The blast of sand hits Maggie!!
Maggie is heavily wounded.
An orc comes into view. It is wielding a +0 dagger.
The orc wizard casts a spell at you.
The puff of flame hits you but does no damage.
Something hits you but does no damage.
Maggie hits you with a +2 war axe of draining!
* * * LOW HITPOINT WARNING * * *
Aiming: Sandblast (safe; 1% risk of failure)
Press: ? - help, Q - select action, (/) - cycle Shift-Dir - straight line, f/p - Maggie
Aim: Maggie, wielding a +2 war axe of draining and wearing +0 swamp dragon scales (heavily wounded, mesmerising, 87% to hit)
You feel a surge of power!
The blast of sand hits Maggie!!
Maggie is almost dead.
Maggie hits you with a +2 war axe of draining.
* * * LOW HITPOINT WARNING * * *
Something hits you but does no damage. x2
Maggie hits you with a +2 war axe of draining!
You die...

### #?......# .<#
#.......# ###..
#.......# .....
##.......# #####
#........# #
###########..$.....#.###
..........+.............
##..#######.....@@.#
.......# #....{####
####.#.####.....###
#.#..............
#.##########o#### #.#
#o# ..# #o. #.# #... ...
.#


You could see Maggie (mesmerising), an orc wizard and 2 orcs.

Vanquished Creatures
  Prince Ribbit (D:6)
  Sigmund (D:2)
  Duvessa (D:4)
  An ice beast (D:5)
  A black bear (D:4)
  An ogre (D:5)
  3 kobold brigands (D:5)
  A scorpion (D:6)
  Dowan (D:4)
  2 hounds
  2 jellies
  A gnoll bouda (D:5)
  An orc priest (D:3)
  Crazy Yiuf (D:2)
  4 iguanas
  An orc wizard (D:3)
  Robin (D:4)
  20 gnolls (D:5)
  3 adders
  A shadow imp (D:6)
  A white imp (D:6)
  4 ufetubi
  2 worms
  4 dart slugs (D:2)
  5 orcs
  8 ball pythons
  7 bats
  12 endoplasms
  3 giant cockroaches
  14 hobgoblins
  41 kobolds
  4 quokkas
  6 frilled lizards
  18 goblins
  11 rats
188 creatures vanquished.

Vanquished Creatures (others)
  A plant (D:3)
  7 toadstools (D:1)
8 creatures vanquished.

Grand Total: 196 creatures vanquished

Notes
Turn   | Place    | Note
-------+----------+-------------------------------------------
     0 | D:1      | Radix the Gargoyle Earth Elementalist began the quest for
                  | the Orb.
     0 | D:1      | Reached XP level 1. HP: 10/10 MP: 3/3
   267 | D:1      | Reached XP level 2. HP: 15/15 MP: 3/5
   304 | D:1      | Reached skill level 4 in Earth Magic
   720 | D:1      | Reached XP level 3. HP: 19/19 MP: 3/6
   968 | D:2      | Noticed Sigmund
  1359 | D:2      | Found a runed translucent door.
  1360 | D:2      | Noticed Crazy Yiuf
  1402 | D:2      | Killed Sigmund
  1403 | D:2      | Reached skill level 5 in Earth Magic
  1403 | D:2      | Reached XP level 4. HP: 7/24 MP: 1/10
  1403 | D:2      | Reached XP level 5. HP: 9/28 MP: 1/11
  1631 | D:2      | Reached skill level 6 in Earth Magic
  2230 | D:2      | Killed Crazy Yiuf
  2231 | D:2      | Reached XP level 6. HP: 32/32 MP: 9/12
  3008 | D:2      | Learned a level 3 spell: Stone Arrow
  3348 | D:3      | Found a faded altar of an unknown god.
  4004 | D:4      | Noticed a black bear
  4011 | D:4      | Killed a black bear
  4012 | D:4      | Reached skill level 1 in Conjurations
  4012 | D:4      | Reached XP level 7. HP: 36/36 MP: 3/14
  4176 | D:4      | Noticed Dowan
  4176 | D:4      | Noticed Duvessa
  4185 | D:4      | Killed Duvessa
  4186 | D:4      | Reached skill level 5 in Spellcasting
  4186 | D:4      | Reached skill level 7 in Earth Magic
  4188 | D:4      | Killed Dowan
  4348 | D:4      | Noticed Robin
  4371 | D:4      | Killed Robin
  4610 | D:4      | Found a basalt altar of Yredelemnul.
  4812 | D:5      | Entered Level 5 of the Dungeon
  5143 | D:5      | Reached XP level 8. HP: 41/41 MP: 7/16
  5496 | D:5      | Reached skill level 8 in Earth Magic
  6138 | D:5      | Reached skill level 5 in Conjurations
  6795 | D:6      | Learned a level 5 spell: Lee's Rapid Deconstruction
  6827 | D:6      | Found a staircase to the Ecumenical Temple.
  6828 | D:6      | Noticed Prince Ribbit
  6844 | D:6      | Killed Prince Ribbit
  6845 | D:6      | Reached skill level 9 in Earth Magic
  6845 | D:6      | Reached XP level 9. HP: 45/45 MP: 4/18
  6937 | Temple   | Entered the Ecumenical Temple
  7068 | Temple   | Became a worshipper of Vehumet
  7743 | D:7      | Noticed Maggie
  7755 | D:7      | Slain by Maggie

Illustrated notes

Levels and vault maps discovered:
D:1:      nagdon_arrival_double_spiral, layout_basic
D:2:      layout_basic, minmay_tall_x, uniq_crazy_yiuf_cottage, uniq_sigmund
D:3:      layout_basic, shapermc_ecumenical_altar_mp_ritualfount,
          kennysheep_decorative_pillar, serial_park_tiny_pond,
          minmay_fractal_squares_5
D:4:      layout_basic, lemuel_crystal_altar, uniq_robin, uniq_duvessa
D:5:      minmay_goblin_kobold_castle, layout_basic
D:6:      layout_loops_ring, minmay_temple_entry_trees, uniq_prince_ribbit1
D:7:      layout_basic, nicolae_shop_clearance, uniq_maggie
Temple:   mainiacjoe_temple_big_plus

Skill      XL: |  1  2  3  4  5  6  7  8 |
---------------+-------------------------+-----
Earth Magic    | 4 5 6 7 9 |  9.3
Spellcasting   | 4 5 6 |  6.7
Conjurations   | 1 3 5 |  5.7
Dodging        | |  1.5
Stealth        | |  2.1
Transmutations | |  0.7

Action                   |  1- 3 |  4- 6 |  7- 9 || total
-------------------------+-------+-------+-------++-------
Melee: Unarmed           |     7 |       |       ||     7
       Whip              |    21 |       |       ||    21
       Quarterstaff      |       |     3 |       ||     3
       Rapier            |       |       |     3 ||     3
       Staff             |       |       |     4 ||     4
 Cast: Sandblast         |    45 |    85 |   144 ||   274
       Stone Arrow       |       |     2 |    10 ||    12
  Use: Scroll            |       |    11 |     6 ||    17
       Potion            |       |     1 |     1 ||     2
 Stab: Sleeping          |       |       |     1 ||     1
Armor: Robe              |    10 |    18 |    46 ||    74
Dodge: Dodged            |    14 |    24 |    53 ||    91
Block: Other             |       |       |    15 ||    15
       Reflection        |       |       |     4 ||     4
